 Dungeon Crawl Stone Soup version 0.28.0-53-g5a82cb258f (webtiles) character file.

Game seed: 11918459354698006166

340 DemonSlayer the Firebug (level 6, -6/41 HPs)
             Began as a Demonspawn Fire Elementalist on Aug 5, 2022.
             Killed from afar by Ijyb (19 damage)
             ... with a bolt of acid
             ... on level 4 of the Dungeon.
             The game lasted 00:07:12 (4725 turns).

DemonSlayer the Firebug (DsFE)                      Turns: 4725, Time: 00:07:13

Health: -6/41      AC:  9    Str:  9    XL:     6   Next: 30%
Magic:  8/21       EV: 17    Int: 18    God:
Gold:   122        SH:  4    Dex: 13    Spells: 3/13 levels left

rFire   . . .      SeeInvis +   b - +0 short sword
rCold   . . .      Faith    .   (no shield)
rNeg    . . .      Spirit   .   a - +0 robe
rPois   .          Reflect  .   (no helmet)
rElec   .          Harm     .   (no cloak)
rCorr   .          Rampage  .   (no gloves)
Will    .....                   c - +0 pair of boots
Stlth   ++........              (no amulet)
HPRegen 0.13/turn               k - ring of see invisible
MPRegen 0.17/turn               q - ring of magical power

@: agile, sanguine armoured
A: powered by pain 1, sanguine armour 1, condensation shield, demonic touch 2
a: no special abilities


You were on level 4 of the Dungeon.
You visited 1 branch of the dungeon, and saw 4 of its levels.

You collected 122 gold pieces.

Inventory:

Hand Weapons
 b - a +0 short sword (weapon)
Armour
 a - a +0 robe (worn)
 c - a +0 pair of boots (worn)
Jewellery
 k - a ring of see invisible (left hand)
 q - a ring of magical power (right hand)
Scrolls
 d - a scroll of enchant weapon {unknown}
 e - a scroll of amnesia {unknown}
 i - a scroll of fear {unknown}
 l - a scroll of blinking {unknown}
 m - a scroll of enchant armour {unknown}
 o - a scroll of identify {unknown}
 r - a scroll of brand weapon {unknown}
Potions
 f - a potion of heal wounds {unknown}
 g - a potion of curing
 h - a potion of resistance {unknown}
 j - a potion of magic {unknown}
 n - a potion of lignification {unknown}
 p - a potion of degeneration {unknown}


   Skills:
 + Level 0.3 Short Blades
 + Level 1.8 Dodging
 + Level 2.6 Stealth
 + Level 0.3 Shields
 + Level 4.0 Spellcasting
 + Level 2.3 Conjurations
 + Level 4.4 Fire Magic


You had 3 spell levels left.
You knew the following spells:

 Your Spells              Type           Power      Damage    Failure   Level
a - Foxfire               Conj/Fire      60%        2x1d7     3%          1
b - Scorch                Fire           38%        2d7       3%          2
c - Conjure Flame         Conj/Fire      15%        6-21      11%         3
d - Flame Wave            Conj/Fire      15%        2d6       36%         4

Your spell library contained the following spells:

 Spells                   Type           Power      Damage    Failure   Level
 Inner Flame              Hex/Fire       11%        N/A       19%         3


Dungeon Overview and Level Annotations

Branches:
Dungeon (4/15)
 Temple: D:4-7

Altars:
Wu Jian

Annotations:
D:4 Ijyb


Innate Abilities, Weirdness & Mutations

You sometimes gain a little power by taking damage.
When seriously injured, your blood forms armour. (AC +6)
A meltable shield of frost defends you. (SH +4)
Your touch may inflict irresistible damage on your foes.


Message History

You kill the gnoll!
You conjure some foxfire!
The foxfire hits the gnoll but does no damage.
The foxfire hits the gnoll.
The gnoll is heavily wounded.
Unknown command.
Flames lash the gnoll.
The gnoll is severely wounded.
The gnoll's fire resistance burns away.
The foxfire hits the gnoll.
The gnoll is almost dead.
The foxfire hits the gnoll.
The gnoll is almost dead.
Ijyb the Twisted Goblin comes into view.
She is wielding a +0 dagger and carrying a wand of acid (5).
The gnoll barely misses you.
Flames lash the gnoll.
The gnoll is moderately wounded.
The gnoll's fire resistance burns away.
Ijyb shouts!
You hear a shout!
The gnoll hits you with a +0 flail.
Ijyb screams, "Get away!"
The gnoll barely misses you.
Flames lash the gnoll.
The gnoll is burned terribly!
The gnoll is heavily wounded.
The gnoll barely misses you. The gnoll hits you with a +0 flail.
The gnoll closely misses you.
Flames lash the gnoll.
The gnoll is burned terribly!
You kill the gnoll!
You hear an angry hiss.
A gnoll comes into view. It is wielding a +0 club.
Ijyb zaps a wand.
The bolt of acid hits you!!
Ouch! That really hurt!
* * * LOW HITPOINT WARNING * * *
You focus on the pain.
You feel agile all of a sudden.
Your blood congeals into armour.
The gnoll hits you but does no damage. x2
Your Spellcasting skill increases to level 4!
Okay, then.
It was a potion of curing.
You feel better.
Ijyb zaps a wand.
The bolt of acid hits you!!
You die...

#..# ...##
....## .....
. ...## ...
.g.# ##
#.).##g)#...#
#.g@.....#
#..g#....##
#..## ....#
...# ##.## ..
## .


You could see Ijyb and 3 gnolls.

Vanquished Creatures
  A scorpion (D:3)
  An orc priest (D:3)
  An orc wizard (D:3)
  Natasha (thrice) (D:2)
  5 gnolls
  3 adders
  3 worms
  A dart slug (D:3)
  7 orcs (D:3)
  7 bats
  3 endoplasms
  3 giant cockroaches (D:2)
  5 goblins
  2 hobgoblins (D:1)
  3 jackals (D:1)
  8 kobolds
  2 quokkas (D:2)
  4 ball pythons (D:1)
  5 frilled lizards
  6 rats
73 creatures vanquished.

Vanquished Creatures (others)
  288 foxfires
288 creatures vanquished.

Grand Total: 361 creatures vanquished

Notes
Turn   | Place    | Note
-------+----------+-------------------------------------------
     0 | D:1      | DemonSlayer the Demonspawn Fire Elementalist began the
                  | quest for the Orb.
     0 | D:1      | Reached XP level 1. HP: 13/13 MP: 3/3
   376 | D:1      | Gained mutation: Your touch may inflict minor irresistible
                  | damage on your foes. [demonic ancestry]
   376 | D:1      | Reached XP level 2. HP: 19/19 MP: 0/5
   379 | D:1      | Learned a level 2 spell: Scorch
  1344 | D:1      | Gained mutation: When seriously injured, your blood forms
                  | armour. (AC +6) [demonic ancestry]
  1344 | D:1      | Reached XP level 3. HP: 24/24 MP: 0/6
  1440 | D:1      | Learned a level 3 spell: Conjure Flame
  2124 | D:2      | Found an ornate altar of the Wu Jian Council.
  2498 | D:2      | Gained mutation: Your touch may inflict irresistible damage
                  | on your foes. [demonic ancestry]
  2498 | D:2      | Reached XP level 4. HP: 30/30 MP: 3/8
  2748 | D:2      | Noticed Natasha
  2750 | D:2      | Killed Natasha
  2798 | D:2      | Noticed Natasha
  2802 | D:2      | Killed Natasha
  2921 | D:2      | Noticed Natasha
  2923 | D:2      | Killed Natasha
  2924 | D:2      | Gained mutation: A meltable shield of frost defends you.
                  | (SH +4) [demonic ancestry]
  2924 | D:2      | Reached XP level 5. HP: 35/35 MP: 4/10
  3123 | D:2      | Learned a level 4 spell: Flame Wave
  4519 | D:3      | Found a faded altar of an unknown god.
  4588 | D:3      | Gained mutation: You sometimes gain a little power by
                  | taking damage. [demonic ancestry]
  4588 | D:3      | Reached XP level 6. HP: 41/41 MP: 11/11
  4721 | D:4      | Noticed Ijyb
  4725 | D:4      | Killed from afar by Ijyb

Illustrated notes

Levels and vault maps discovered:
D:1:      dpeg_arrival_shelter, layout_basic, minmay_indecisive_spiral
D:2:      layout_basic, basic_altar, uniq_natasha
D:3:      layout_basic, basic_ecumenical_altar, grunt_ministairs_2,
          corexii_item_surrounded_by_moat
D:4:      minmay_thinvault, layout_cave_pools, minmay_ruined_shrine,
          uniq_grinder, uniq_ijyb

Skill      XL: |  1  2  3  4  5  6 |
---------------+-------------------+-----
Fire Magic     | 3 4 |  4.4
Stealth        | 2 |  2.6
Spellcasting   | 3 4 |  4.0
Conjurations   | 2 |  2.3
Short Blades   | |  0.3
Dodging        | |  1.8
Shields        | |  0.3

Action                   |  1- 3 |  4- 6 || total
-------------------------+-------+-------++-------
Melee: Short sword       |    29 |     3 ||    32
       Punch             |     1 |       ||     1
       Touch             |     3 |     2 ||     5
 Cast: Foxfire           |   126 |    39 ||   165
       Scorch            |     4 |    41 ||    45
  Use: Potion            |       |     1 ||     1
 Stab: Sleeping          |     1 |       ||     1
Armor: Robe              |     8 |     3 ||    11
Dodge: Dodged            |    21 |     8 ||    29
Block: Other             |       |     3 ||     3
